 Dungeon Crawl Stone Soup version 0.20.1-1-g8b1a95d (webtiles) character file.

173 Kairos the Shield-Bearer (level 5, -2/42 HPs)
             Began as a Formicid Fighter on Mar 7, 2018.
             Slain by a gnoll
             ... wielding a +0 spear
              (4 damage)
             ... on level 3 of the Dungeon.
             The game lasted 00:03:05 (1641 turns).

Kairos the Shield-Bearer (Formicid Fighter)         Turns: 1641, Time: 00:03:07

Health: -2/42      AC:  5    Str: 21    XL:     5   Next: 83%
Magic:  5/5        EV:  8    Int:  8    God:
Gold:   124        SH: 10    Dex: 10    Spells: 4/4 levels left

rFire    . . .     SeeInvis +   a - +0 quarterstaff
rCold    . . .     Gourm    .   c - +0 shield
rNeg     + . .     Faith    .   b - +0 scale mail
rPois    .         Spirit   .   (helmet unavailable)
rElec    .         Reflect  .   (no cloak)
rCorr    .         Harm     .   (no gloves)
MR       .....                  (no boots)
Stlth    ..........             (no amulet)
Regen    0.2/turn               r - ring of positive energy
MPRegen  0.1/turn               t - -2 ring of protection (curse)

@: no status effects
A: permanent stasis, dig shafts and tunnels, four strong arms, antennae 3
a: Dig, Shaft Self


You were on level 3 of the Dungeon.
You were hungry.

You visited 1 branch of the dungeon, and saw 3 of its levels.

You collected 124 gold pieces.

Inventory:

Hand Weapons
 a - a +0 quarterstaff (weapon)
Armour
 b - a +0 scale mail (worn)
 c - a +0 shield (worn)
Jewellery
 r - a ring of positive energy (left hand)
 t - a cursed -2 ring of protection (right hand)
Scrolls
 e - a scroll of enchant armour {unknown}
 g - 2 scrolls of remove curse {unknown}
 i - 2 scrolls of enchant weapon {unknown}
 k - 2 scrolls of identify {unknown}
 o - a scroll of teleportation {unknown}
 p - a scroll of blinking {unknown}
Potions
 d - 2 potions of might
 j - 2 potions of curing {unknown}
 l - 2 potions of ambrosia {unknown}
 m - 2 potions of agility {unknown}
 n - 3 potions of flight {unknown}
 q - 2 potions of heal wounds {unknown}
Comestibles
 f - 3 bread rations
 h - 2 royal jellies


   Skills:
 + Level 3.9 Fighting
 + Level 3.2 Staves
 + Level 4.2 Armour
 + Level 0.8 Dodging
 + Level 0.3 Stealth
 + Level 5.0 Shields


You had 4 spell levels left.
You didn't know any spells.

Dungeon Overview and Level Annotations

Branches:
Dungeon (3/15)

Altars:
Hepliaklqana
Makhleb


Innate Abilities, Weirdness & Mutations

You cannot be hasted, slowed, berserked, paralysed or teleported.
You can dig through walls and to a lower floor.
Your four strong arms can wield two-handed weapons with a shield.
You have a pair of large antennae on your head. (SInv)


Message History

The gnoll is severely wounded.
The gnoll hits you but does no damage. The gnoll closely misses you.
You sock the gnoll!
You kill the gnoll!
The gnoll hits you from afar with a spear!
* * * LOW HITPOINT WARNING * * *
The gnoll hits you from afar with a spear.
* * * LOW HITPOINT WARNING * * *
You closely miss the frilled lizard. You block the frilled lizard's attack.
You block the gnoll's attack.
You hit the frilled lizard.
You kill the frilled lizard!
The gnoll hits you but does no damage. The gnoll hits you with a spear.
* * * LOW HITPOINT WARNING * * *
Things that are here:
a flail; a frilled lizard corpse; a gnoll corpse The gnoll barely misses you.
You closely miss the gnoll. The gnoll hits you with a spear.
You die...

# ### #.# ... ....
#####.# ....g .....
###...#########.###
.......)$)@.......#
###...####g.#####.######
#... #..# #......# #.#
#..# #g####.# # #..# #.#
#..#####.# #[.......###
#.###.#..#.##.......
........###...##...#


You could see a gnoll.

Vanquished Creatures
  A hound (D:2)
  Terence (D:2)
  5 gnolls (D:3)
  3 adders
  A dart slug (D:1)
  A leopard gecko (D:2)
  2 ball pythons
  9 hobgoblins
  5 kobolds
  9 bats
  6 frilled lizards
  3 goblins
  3 rats
49 creatures vanquished.

Notes
Turn   | Place    | Note
-------+----------+-------------------------------------------
     0 | D:1      | Kairos the Formicid Fighter began the quest for the Orb.
     0 | D:1      | Reached XP level 1. HP: 18/18 MP: 1/1
   240 | D:1      | Reached XP level 2. HP: 24/24 MP: 2/2
   390 | D:1      | Reached skill level 4 in Shields
   429 | D:1      | Reached XP level 3. HP: 24/30 MP: 3/3
   772 | D:2      | Noticed Terence
   788 | D:2      | Killed Terence
   788 | D:2      | Reached XP level 4. HP: 16/37 MP: 4/4
  1193 | D:2      | Found a hazy altar of Hepliaklqana.
  1403 | D:2      | Reached XP level 5. HP: 31/42 MP: 5/5
  1430 | D:2      | Found a burning altar of Makhleb.
  1526 | D:2      | You fall through a shaft!
  1600 | D:3      | Reached skill level 5 in Shields
  1639 | D:3      | HP: 1/42 [gnoll/spear (5)]
  1641 | D:3      | Slain by a gnoll

Skill      XL: |  1  2  3  4  5 |
---------------+----------------+-----
Shields        | 4 5 |  5.0
Staves         | 3 |  3.2
Armour         | 4 |  4.2
Fighting       | |  3.9
Dodging        | |  0.8
Stealth        | |  0.3

Action                   |  1- 3 |  4- 6 || total
-------------------------+-------+-------++-------
Melee: Quarterstaff      |    61 |    81 ||   142
 Abil: Shaft Self        |       |     1 ||     1
  Eat: Chunk             |       |     2 ||     2
Armor: Scale mail        |    26 |    37 ||    63
Dodge: Dodged            |    23 |    37 ||    60
Block: Shield            |    31 |    65 ||    96
